 Dungeon Crawl Stone Soup version 0.27-a0-920-gb2bd10914a (webtiles) character file.

Game seed: 14363607465763096261

101 leviel the Shield-Bearer (level 4, -1/41 HPs)
             Began as a Minotaur Fighter on Apr 9, 2021.
             Killed by divine providence
             ... invoked by an orc priest
              (13 damage)
             ... on level 3 of the Dungeon.
             The game lasted 00:03:21 (2345 turns).

leviel the Shield-Bearer (Minotaur Fighter)         Turns: 2345, Time: 00:03:22

Health: -1/41      AC: 15    Str: 22    XL:     4   Next: 48%
Magic:  3/3        EV:  4    Int:  5    God:
Gold:   79         SH:  9    Dex:  9    Spells: 3/3 levels left

rFire    . . .     SeeInvis .   a - +0 long sword
rCold    + + .     Faith    .   c - +0 kite shield
rNeg     . . .     Spirit   .   j - +0 plate armour {rC+}
rPois    .         Reflect  .   (helmet restricted)
rElec    .         Harm     .   (no cloak)
rCorr    .         Rampage  .   (no gloves)
Will     ++...                  h - +2 pair of boots of Vusomuur {rC+ Will+}
Stlth    ..........             (no amulet)
HPRegen  0.13/turn              g - ring of willpower
MPRegen  0.08/turn              (no ring)

@: no status effects
A: horns 2, retaliatory headbutt
a: no special abilities


You were on level 3 of the Dungeon.
You visited 1 branch of the dungeon, and saw 3 of its levels.

You collected 79 gold pieces.

Inventory:

Hand Weapons
 a - a +0 long sword (weapon)
Missiles
 i - 15 poisoned darts (quivered)
Armour
 b - a +0 scale mail
 c - a +0 kite shield (worn)
 h - the +2 pair of boots of Vusomuur (worn) {rC+ Will+}
   (You found it on level 2 of the Dungeon)

   It protects you from cold.
   It increases your willpower.
 j - a +0 plate armour of cold resistance (worn)
Jewellery
 g - a ring of willpower (left hand)
Scrolls
 e - a scroll of noise {unknown}
 f - 2 scrolls of enchant weapon {unknown}
 k - a scroll of teleportation {unknown}
 l - a scroll of acquirement {unknown}
Potions
 d - a potion of might


   Skills:
 * Level 4.4 Fighting
 * Level 3.4 Long Blades
 * Level 4.3 Armour
 + Level 1.2 Dodging
 * Level 4.4 Shields


You had 3 spell levels left.
You didn't know any spells.
Your spell library was empty.

Dungeon Overview and Level Annotations

Branches:
Dungeon (3/15)

Altars:
Fedhas

Shops:
D:1 (


Innate Abilities, Weirdness & Mutations

You have a pair of horns on your head.
You reflexively headbutt those who attack you in melee.


Message History

Your plate armour prevents you from hitting the kobold.
Your headbutt misses the kobold. You block the kobold's attack.
You hit the kobold but do no damage. You headbutt the kobold.
You kill the kobold!
No target in view!
No target in view!
No target in view!
No target in view!
No target in view!
No target in view!
No target in view!
No target in view!
Things that are here:
a +0 dagger; a kobold corpse You now have 79 gold pieces (gained 10).
An orc comes into view. It is wielding a +0 dagger.
The orc shouts!
You hear a shout!
An orc comes into view. It is wielding a +0 dagger.
There are monsters nearby!
There are monsters nearby! 2 orc priests come into view.
The orc priest shouts! x2; You hear a shout!
The orc priest casts a cantrip, but nothing happens.
The orc priest mumbles some strange prayers to Beogh against you.
Beogh smites you!
An orc comes into view.
It is wielding a +2 hand axe of holy wrath.
You closely miss the orc. You block the orc's attack.
The orc hits you but does no damage.
The orc priest invokes the aid of Beogh against you.
You resist with almost no effort. The orc barely misses you.
You closely miss the orc.
The orc priest calls down the wrath of Beogh upon you.
Beogh smites you!
* * * LOW HITPOINT WARNING * * *
The orc barely misses you.
The orc priest calls down the wrath of Beogh upon you.
You resist with almost no effort. The orc hits you but does no damage. x2
The orc priest mumbles some strange prayers to Beogh against you.
Beogh smites you!
You die...

##.....##
#.......#
#.#...#.#
#.......#
#....o..#
#..o....# #
#.#oo.#.#
#.#..o@...#...
#.............
####....###...
#.#### . #.#
#.# # #.######
#.# . #......#
#.# # ######.#
#.# .. .


You could see 2 orc priests and 3 orcs.

Vanquished Creatures
  2 adders (D:2)
  4 worms
  2 dart slugs (D:1)
  3 ball pythons (D:1)
  5 bats
  6 endoplasms
  2 giant cockroaches
  4 goblins
  3 hobgoblins
  3 jackals
  4 quokkas
  5 frilled lizards
  7 kobolds
  21 rats
71 creatures vanquished.

Notes
Turn   | Place    | Note
-------+----------+-------------------------------------------
     0 | D:1      | leviel the Minotaur Fighter began the quest for the Orb.
     0 | D:1      | Reached XP level 1. HP: 19/19 MP: 0/0
   416 | D:1      | Found Xoeb's Weapon Shop.
   452 | D:1      | Reached XP level 2. HP: 25/27 MP: 1/1
   795 | D:1      | Found a faded altar of an unknown god.
  1055 | D:1      | Reached XP level 3. HP: 31/33 MP: 2/2
  1536 | D:2      | Identified the +2 pair of boots of Vusomuur {rC+ Will+}
  1721 | D:2      | Reached skill level 1 in Dodging
  1755 | D:2      | Found a blossoming altar of Fedhas.
  1825 | D:2      | Reached XP level 4. HP: 33/40 MP: 3/3
  2345 | D:3      | Killed from afar by an orc priest

Illustrated notes

Levels and vault maps discovered:
D:1:      minmay_arrival_four_loops, layout_loops_corners,
          ebering_ecumenical_altar_rust, serial_shops, shop
D:2:      layout_rooms, basic_altar, kennysheep_nondescript, st_stairs_10,
          dk_noncrumbling_3, minmay_rat_hole
D:3:      cheibrodos_pilgrimage, layout_loops_ring, kennysheep_generic_room_4,
          uniq_terence

Skill      XL: |  1  2  3 |
---------------+----------+-----
Shields        | 4 |  4.4
Armour         | 4 |  4.3
Fighting       | 4 |  4.4
Long Blades    | 3 |  3.4
Dodging        | 1 |  1.2

Action                   |  1- 3 |  4- 6 || total
-------------------------+-------+-------++-------
Melee: Long sword        |   105 |    72 ||   177
       Headbutt          |    22 |     9 ||    31
Armor: Scale mail        |    23 |       ||    23
       Plate armour      |    13 |    40 ||    53
Dodge: Dodged            |    26 |    12 ||    38
Block: Kite shield       |    47 |    42 ||    89
       Rpst.: Long sword |    10 |     3 ||    13

Table legend: (Time is in decaauts)
 A = Elapsed time spent in this place.
 B = Non-inter-level travel time spent in this place.
 C = Inter-level travel time spent in this place.
 D = Time resting spent in this place.
 E = Time spent auto-exploring this place.
 F = Levels seen in this place.
 G = Mean time per level.
                   A        B        C        D        E       F      G
               +--------+--------+--------+--------+--------+-----+--------+
         Total |   2425 |   2349 |     76 |    263 |   1667 |   3 |  808.3 |
       Dungeon |   2425 |   2349 |     76 |    263 |   1667 |   3 |  808.3 |
               +--------+--------+--------+--------+--------+-----+--------+

Top non-repeatable levels by time:
     D:1: 1382 daAuts
     D:2: 807 daAuts
     D:3: 235 daAuts
